 Dungeon Crawl Stone Soup version 0.26-a0-980-g0fe3eaa9ac (webtiles) character file.

Game seed: 9272561925657932920

37 pablito the Insei (level 3, 0/28 HPs)
             Began as a Draconian Transmuter on Dec 6, 2020.
             Slain by a goblin
             ... wielding a +0 dagger
             ... led by Robin
              (5 damage)
             ... on level 2 of the Dungeon.
             The game lasted 00:05:49 (1479 turns).

pablito the Insei (Draconian Transmuter)            Turns: 1479, Time: 00:05:49

Health: 0/28       AC:  5    Str: 12    XL:     3   Next: 23%
Magic:  5/6        EV: 12    Int: 13    God:
Gold:   25         SH:  0    Dex: 12    Spells: 5/6 levels left

rFire    . . .     SeeInvis .     - Unarmed
rCold    . . .     Faith    .   (no shield)
rNeg     . . .     Spirit   .   (armour unavailable)
rPois    .         Reflect  .   (helmet currently unavailable)
rElec    .         Harm     .   (no cloak)
rCorr    .         Rampage  .   (no gloves)
MR       .....                  (boots currently unavailable)
Stlth    +.........             (no amulet)
HPRegen  0.09/turn              (no ring)
MPRegen  0.10/turn              (no ring)

@: appendages (expiring)
A: unfitting armour, horns 2, talons 2, cold-blooded, AC +5
a: End Transformation


You were on level 2 of the Dungeon.
You had grown temporary horns.
You had grown temporary talons.
You visited 1 branch of the dungeon, and saw 2 of its levels.

You collected 25 gold pieces.

Inventory:

Missiles
 b - 8 atropa-tipped darts
Scrolls
 a - a scroll of amnesia {unknown}
 c - a scroll of identify {unknown}


   Skills:
 - Level 1.4 Fighting
 - Level 1.9 Dodging
 + Level 3.5 Unarmed Combat
 - Level 2.1 Spellcasting
 + Level 2.7 Transmutations


You had 5 spell levels left.
You knew the following spells:

 Your Spells              Type           Power        Failure   Level
a - Beastly Appendage     Tmut           #.....       9%          1

Your spell library contained the following spells:

 Spells                   Type           Power        Failure   Level
 Wereblood                Tmut           #.......     12%         2
 Spider Form              Tmut/Pois      #.........   41%         3
 Ice Form                 Ice/Tmut       #.......     82%         4
 Blade Hands              Tmut           #.........   92%         5


Dungeon Overview and Level Annotations

Branches:
Dungeon (2/15)

Altars:


Innate Abilities, Weirdness & Mutations

Your plain brown scales are hard. (AC +5)
You cannot fit into any form of body armour.
You are cold-blooded and may be slowed by cold attacks.
You have a pair of horns on your head.
You have razor-sharp toenails.


Message History

You hit Robin.
You kill Robin!
The goblin hits you but does no damage. The goblin closely misses you.
The goblin hits you but does no damage.
You have reached level 3!
Your experience leads to an increase in your attributes!
Increase (s)trength, (i)ntelligence, or (d)exterity?
You feel agile.
Your scales feel tougher.
You hit the goblin.
You kill the goblin!
The goblin hits you with a +0 dagger. The goblin barely misses you.
The goblin misses you.
You barely miss the goblin. Your kick misses the goblin. The goblin misses you.
The goblin hits you with a +0 dagger. The goblin hits you but does no damage.
You completely miss the goblin. Your kick misses the goblin.
Your tail-slap misses the goblin.
The goblin hits you with a +0 dagger.
* * * LOW HITPOINT WARNING * * *
The goblin barely misses you. The goblin hits you but does no damage.
The goblin misses you. The goblin hits you with a +0 dagger.
You die...

## #. # #.
#.##.###+##
##.[.......#
......(....#
#....g#######.
######....@'gbS....
#.........g########
#.########## #...#
#<# ###.# #.# #.#
#.# #.###)# #.....#
#######


You could see 3 goblins, a bat and a ball python.

Vanquished Creatures
  Robin (D:2)
  A leopard gecko (D:1)
  4 bats (D:1)
  2 goblins
  6 hobgoblins (D:1)
  7 kobolds (D:1)
  3 rats (D:1)
24 creatures vanquished.

Notes
Turn   | Place    | Note
-------+----------+-------------------------------------------
     0 | D:1      | pablito the Draconian Transmuter began the quest for the
                  | Orb.
     0 | D:1      | Reached XP level 1. HP: 16/16 MP: 3/3
   252 | D:1      | Reached XP level 2. HP: 12/23 MP: 3/5
  1465 | D:2      | Noticed Robin
  1475 | D:2      | Killed Robin
  1476 | D:2      | Reached XP level 3. HP: 14/28 MP: 4/6
  1479 | D:2      | Slain by a goblin

Illustrated notes

Levels and vault maps discovered:
D:1:      ncdulo_halloftheorcs, layout_loops_corners,
          chequers_serial_rivers_micro_c
D:2:      layout_basic, cheibriados_altar_2, uniq_robin, uniq_sigmund,
          uniq_natasha

Action                   || total
-------------------------++-------
Melee: Unarmed           ||    77
       Kick              ||     9
       Tailslap          ||     8
 Cast: Beastly Appendage ||    17
Armor: Skin              ||    22
Dodge: Dodged            ||    60

Table legend: (Time is in decaauts)
 A = Elapsed time spent in this place.
 B = Non-inter-level travel time spent in this place.
 C = Inter-level travel time spent in this place.
 D = Time resting spent in this place.
 E = Time spent auto-exploring this place.
 F = Levels seen in this place.
 G = Mean time per level.
                   A        B        C        D        E       F      G
               +--------+--------+--------+--------+--------+-----+--------+
         Total |   1473 |   1432 |     41 |      0 |   1236 |   2 |  736.5 |
       Dungeon |   1473 |   1432 |     41 |      0 |   1236 |   2 |  736.5 |
               +--------+--------+--------+--------+--------+-----+--------+

Top non-repeatable levels by time:
     D:1: 1438 daAuts
     D:2: 35 daAuts
